 Dungeon Crawl Stone Soup version 0.22-a0-252-gcace5d2 (webtiles) character file.

257 torrenera the Cudgeler (level 6, 0/37 HPs)
             Began as a Gargoyle Fighter on Mar 2, 2018.
             Killed from afar by Sigmund (10 damage)
             ... with a puff of flame
             ... on level 3 of the Dungeon.
             The game lasted 00:04:37 (2267 turns).

torrenera the Cudgeler (Gargoyle Fighter)           Turns: 2267, Time: 00:04:38

Health: 0/37       AC: 13    Str: 21    XL:     6   Next: 16%
Magic:  6/6        EV:  5    Int:  9    God:
Gold:   81         SH:  9    Dex:  9    Spells: 5/5 levels left

rFire    . . .     SeeInvis .   a - +0 flail
rCold    . . .     Gourm    .   c - +0 shield
rNeg     + . .     Faith    .   s - +0 chain mail
rPois    ∞         Spirit   .   (no helmet)
rElec    +         Reflect  .   (no cloak)
rCorr    .         Harm     .   (no gloves)
MR       .....                  (no boots)
Stlth    ..........             (no amulet)
HPRegen  0.12/turn              (no ring)
MPRegen  0.10/turn              (no ring)

@: no status effects
A: negative energy resistance 1, electricity resistance, unbreathing,
petrification resistance, rot immunity, AC +4
a: no special abilities


You were on level 3 of the Dungeon.
You were hungry.

You visited 1 branch of the dungeon, and saw 3 of its levels.

You collected 81 gold pieces.

Inventory:

Hand Weapons
 a - a +0 flail (weapon)
Missiles
 d - 10 poisoned needles
 j - 44 stones (quivered)
 l - 49 bolts
Armour
 b - a +0 plate armour
 c - a +0 shield (worn)
 s - a +0 chain mail (worn)
Jewellery
 o - an uncursed ring of flight {unknown}
Scrolls
 e - 4 scrolls of remove curse {unknown}
 g - a scroll of enchant weapon {unknown}
 k - a scroll of noise {unknown}
 p - 2 scrolls of identify {unknown}
 t - a scroll of fog {unknown}
 u - a scroll of teleportation {unknown}
Potions
 i - a potion of curing
 m - a potion of agility
 n - a potion of heal wounds {unknown}
Comestibles
 f - 5 rations


   Skills:
 - Level 3.2 Fighting
 + Level 6.3 Maces & Flails
 - Level 3.2 Armour
 - Level 3.2 Shields


You had 5 spell levels left.
You didn't know any spells.

Dungeon Overview and Level Annotations

Branches:
Dungeon (3/15)

Altars:

Annotations:
D:3 Sigmund


Innate Abilities, Weirdness & Mutations

You are resistant to torment.
Your stone body is resilient. (AC +4)
You are immune to poison.
You resist negative energy. (rN+)
You are resistant to electric shocks. (rElec)
You can survive without breathing.
You are immune to petrification.
You are immune to rotting.


Message History

The magic dart hits you!
You closely miss something. Something hits you but does no damage.
You barely miss something. Something hits you but does no damage.
Your shield and chain mail prevent you from hitting something.
Something hits you.
You closely miss something. Something hits you!
* * * LOW HITPOINT WARNING * * *
You miss something. You barely miss something.
You hear some strange, mumbled words.
A puff of flame appears from out of thin air!
The puff of flame misses you. Something hits you but does no damage.
You hit something.
Your shield and chain mail prevent you from hitting something.
Something hits you but does no damage.
You barely miss something.
You hear some strange, mumbled words.
A puff of flame appears from out of thin air!
The puff of flame hits you!
You die...

##...###.#.####..............##.
####....<................##.##.
##.###..###.##.#####.###.##. #.#
#..# #................. #.# #..#
#.#####........... #.# #..# #.#
#.##..###.## #.# #..# #.#
#..>..# #.# #.# #..###{# #.##.##
#.# #.# #.....@#####.##.# #.#
#.####.###.......##.####.##
#....#..########...........
####.##.# #####÷#######.##
#.##.# #.....# #.# #.##.#
#.##### #.# #.##.####.#########
#.# #.##..............# #.#
#...).....#.......# #.#


There were no monsters in sight!

Vanquished Creatures
  The ghost of Torax the Twirler, an amateur HuGl of Ru (D:3)
  Natasha (D:3)
  3 gnolls (D:3)
  2 adders
  A dart slug (D:3)
  2 leopard geckos
  An orc (D:3)
  4 giant cockroaches
  6 goblins
  9 hobgoblins
  5 jackals (D:1)
  A quokka (D:2)
  A ball python (D:3)
  5 bats
  A frilled lizard (D:1)
  5 kobolds
  7 rats
55 creatures vanquished.

Notes
Turn   | Place    | Note
-------+----------+-------------------------------------------
     0 | D:1      | torrenera the Gargoyle Fighter began the quest for the Orb.
     0 | D:1      | Reached XP level 1. HP: 14/14 MP: 1/1
    81 | D:1      | Reached XP level 2. HP: 17/19 MP: 2/2
   250 | D:1      | Reached skill level 3 in Maces & Flails
   617 | D:1      | Reached XP level 3. HP: 20/23 MP: 3/3
  1115 | D:2      | Reached skill level 4 in Maces & Flails
  1436 | D:2      | Reached XP level 4. HP: 26/28 MP: 4/4
  1560 | D:3      | Noticed Natasha
  1561 | D:3      | Noticed Sigmund
  1786 | D:3      | Killed Natasha
  1786 | D:3      | Reached skill level 5 in Maces & Flails
  1786 | D:3      | Reached XP level 5. HP: 15/32 MP: 5/5
  1891 | D:3      | Noticed Torax's ghost (amateur HuGl)
  1910 | D:3      | Killed Torax's ghost
  1910 | D:3      | Reached skill level 6 in Maces & Flails
  1910 | D:3      | Reached XP level 6. HP: 13/37 MP: 6/6
  2267 | D:3      | Killed from afar by Sigmund

Vault maps used:
D:1:      sevenhm_arrival_forest_fort_small_6, minivault_27
D:3:      uniq_natasha, uniq_sigmund

Skill      XL: |  1  2  3  4  5 |
---------------+----------------+-----
Maces & Flails | 3 4 5 6 |  6.3
Fighting       | |  3.2
Armour         | |  3.2
Shields        | |  3.2

Action                   |  1- 3 |  4- 6 || total
-------------------------+-------+-------++-------
Melee: Flail             |   167 |    96 ||   263
  Use: Potion            |       |     6 ||     6
  Eat: Chunk             |     2 |     2 ||     4
Armor: Scale mail        |    65 |       ||    65
       Chain mail        |    66 |    57 ||   123
Dodge: Dodged            |    54 |    19 ||    73
Block: Shield            |   103 |    32 ||   135

Table legend:
 A = Spawn XP
 B = Non-spawn XP
 C = Spawn XP percentage of total XP
 D = Spawn monster count
 E = Non-spawn monster count
 F = Spawn count percentage of total count
 G = Total turns spent on level
                    A         B        C        D         E        F      G
               +---------+---------+-------+---------+---------+-------+---------
         Total |       0 |     368 |   0.0 |       0 |      55 |   0.0 |  2267
               +---------+---------+-------+---------+---------+-------+---------
           D:1 |       0 |      43 |   0.0 |       0 |      24 |   0.0 |   911
           D:2 |       0 |      41 |   0.0 |       0 |      16 |   0.0 |   599
           D:3 |       0 |     284 |   0.0 |       0 |      15 |   0.0 |   757
               +---------+---------+-------+---------+---------+-------+---------
